 Dungeon Sprint DCSS version 0.20-a0-1018-ge435b50 (webtiles) character file.

8 Krakonus1 the Nimble (level 2, -15/16 HPs)
             Began as a Felid Monk on Apr 16, 2017.
             Was a Believer of Wu Jian.
             Demolished by a death scarab (31 damage)
             ... in the Dungeon (Sprint V: "Ziggurat Sprint").
             The game lasted 00:02:44 (85 turns).

Krakonus1 the Nimble (Felid Monk)                     Turns: 85, Time: 00:02:46

Health: -15/16     AC:  1    Str:  7    XL:     2   Next: 0%
Magic:  3/3        EV: 28    Int: 11    God:    Wu Jian [**....]
Gold:   0          SH:  0    Dex: 30    Spells: 1/1 levels left
                                        Lives:  0   Deaths: 0

rFire    . . .     SeeInvis +     - Unarmed
rCold    . . .     Gourm    .   (shield unavailable)
rNeg     . . .     Faith    .   (armour unavailable)
rPois    .         Spirit   .   (helmet unavailable)
rElec    .         Reflect  .   (cloak unavailable)
rCorr    .         Harm     .   (gloves unavailable)
MR       .....     NoTele   +   (boots unavailable)
Stlth    ++++......             (no amulet)
Regen    0.1/turn               m - +6 ring of dexterity
MPRegen  0.1/turn               l - +6 ring of dexterity

@: quick
A: no armour, no weapons or thrown items, stealth, claws 1, fangs 3, see
invisible, carnivore 3, speed 1, shaggy fur 1, slow metabolism 1, sharp paws
a: Renounce Religion


You were in the Dungeon.
You worshipped Wu Jian.
Wu Jian was pleased with you.
You were not hungry.

You visited 1 branch

Inventory:

Jewellery
 l - a +6 ring of dexterity (right paw)
 m - a +6 ring of dexterity (left paw)
 n - a +6 ring of intelligence
 o - a +6 ring of intelligence
 p - a +6 ring of strength
 q - a +6 ring of strength
 F - an uncursed ring of flight
Wands
 h - a wand of disintegration (7/24)
 i - a wand of iceblast (5/15)
 j - a wand of lightning (5/15)
 k - a wand of acid (5/15)
Scrolls
 g - 4 scrolls of blinking
 r - 4 scrolls of amnesia
 s - 3 scrolls of recharging
 t - 7 scrolls of fog
 u - a scroll of holy word
 v - 5 scrolls of identify
 w - 5 scrolls of remove curse
 x - 2 scrolls of fear
Potions
 b - 10 potions of curing
 c - 10 potions of heal wounds
 d - 6 potions of haste
 e - 7 potions of magic
 f - 3 potions of berserk rage
 z - 2 potions of brilliance
 A - 2 potions of invisibility
 B - 4 potions of resistance
 D - 5 potions of agility
 E - 5 potions of might
Miscellaneous
 y - a lightning rod (4/4)
 G - a crystal ball of energy
Comestibles
 a - 5 meat rations


   Skills:
 * Level 6.1 Fighting
 * Level 8.1 Dodging
 - Level 5.3 Stealth
 + Level 3.1 Unarmed Combat


You had one spell level left.
You didn't know any spells.

Dungeon Overview and Level Annotations

Branches:
Dungeon (1/1)

Altars:
Ashenzari
Cheibriados
Dithmenos
Elyvilon
Fedhas
Gozag
Hepliaklqana
Kikubaaqudgha
Makhleb
Nemelex Xobeh
Okawaru
Qazlal
Ru
Sif Muna
Trog
Uskayaw
Vehumet
Wu Jian
Xom
Yredelemnul
Zin
The Shining One
Beogh
Jiyva
Lugonu


Innate Abilities, Weirdness & Mutations

You cannot wear armour.
You are incapable of wielding weapons or throwing items.
Your paws allow you to move quietly. (Stealth)
You have sharp claws.
You have razor-sharp teeth.
You have supernaturally acute eyesight. (SInv)
You are carnivorous and can eat meat at any time.
You cover ground quickly.
You are covered in fur. (AC +1)
You have a slow metabolism.
Your sharp claws are effective at attacking unaware monsters.


Message History

You feel more experienced!
Your Fighting skill gained 2 levels and is now at level 6!
Your Dodging skill gained 3 levels and is now at level 8!
Your Unarmed Combat skill gained 3 levels and is now at level 3!
You have reached level 2!
Unknown command.
Your surroundings seem different!
Welcome to arena 1.
A mummy and a death scarab come into view.
Found a fan of gales and a book of the Sky.
The death scarab misses you.
You spin to attack the death scarab, but your attack speed is too slow for a blow to land.
The death scarab closely misses you. The death scarab barely misses you.
You spin and attack the mummy.
You barely miss the mummy. You bite the mummy, but do no damage.
You spin and attack the death scarab.
You scratch the death scarab.
The death scarab is lightly damaged.
The death scarab completely misses you. The death scarab bites you!!
Ouch! That really hurt!
You die...

▓▓▓▓▓▓▓
▓.8©8.▓
▓.....▓
▓.M.}.▓
▓.@s..▓
▓.....▓
▓.....▓
▓▓▓▓▓▓▓


You could see a death scarab and a mummy.

Vanquished Creatures (others)
  A spatial maelstrom (D)
1 creature vanquished.

Notes
Turn   | Place    | Note
-------+----------+-------------------------------------------
     0 | D        | Krakonus1 the Felid Monk began the quest for the Orb.
     0 | D        | Reached XP level 1. HP: 11/11 MP: 2/2
     1 | D        | Found a bloodstained altar of Trog.
     1 | D        | Found a deep blue altar of Sif Muna.
     1 | D        | Found a sacrificial altar of Ru.
     1 | D        | Found a stormy altar of Qazlal.
     1 | D        | Found an iron altar of Okawaru.
     4 | D        | Became a worshipper of the Wu Jian Council
     4 | D        | Reached * piety under Wu Jian
     4 | D        | Reached ** piety under Wu Jian
     8 | D        | Found a sparkling altar of Nemelex Xobeh.
    10 | D        | Found a corrupted altar of Lugonu.
    10 | D        | Found an ancient bone altar of Kikubaaqudgha.
    10 | D        | Found a burning altar of Makhleb.
    10 | D        | Found a viscous altar of Jiyva.
    10 | D        | Found a hazy altar of Hepliaklqana.
    14 | D        | Found an opulent altar of Gozag.
    15 | D        | Found a blossoming altar of Fedhas.
    24 | D        | Banished a spatial maelstrom
    77 | D        | Reached skill level 8 in Dodging
    77 | D        | Reached XP level 2. HP: 16/16 MP: 3/3
    81 | D        | Entered arena 1.
    81 | D        | Noticed a death scarab
    85 | D        | Demolished by a death scarab

Vault maps used:
D:        sprint_v

Skill      XL: |  1 |
---------------+----+-----
Fighting       | 6 |  6.1
Dodging        | 8 |  8.1
Unarmed Combat | 3 |  3.1
Stealth        | |  5.3

Action                   || total
-------------------------++-------
Melee: Unarmed           ||     2
       Bite              ||     1
  Use: Potion            ||     1
Dodge: Dodged            ||     4
